 Dungeon Crawl Stone Soup version 0.16-b1 (webtiles) character file.

116472 timbw the Executioner (level 16, -2/147 HPs)
             Began as a Hill Orc Arcane Marksman on Mar 14, 2015.
             Was the Champion of Makhleb.
             Killed from afar by a shock serpent (23 damage)
             ... with a bolt of electricity
             ... on level 5 of the Snake Pit.
             The game lasted 02:00:32 (24255 turns).

timbw the Executioner (Hill Orc Arcane Marksman)   Turns: 24255, Time: 02:00:32

Health: -2/147     AC: 23    Str: 13      XL:     16   Next: 71%
Magic:  29/29      EV: 21    Int:  8 (13) God:    Makhleb [******]
Gold:   598        SH:  0    Dex: 27      Spells: 4 memorised, 17 levels left

rFire  + + .     SeeInvis .     R - +3 battleaxe
rCold  + . .     Clarity  .     N - +6 swamp dragon armour "Smapanuj" {rPois rF++ rC+ MR- rCorr}
rNeg   . . .     SustAb   .     (no shield)
rPois  +         Gourm    .     h - +1 helmet of Freokkuon {Str-3 Int-3 Dex+6 Stlth+}
rElec  .         Spirit   .     a - +1 cloak
rCorr  +         Warding  .     Z - +0 pair of gloves {Dex+3}
rMut   .         Stasis   .     j - +0 pair of boots
MR     +....                    J - amulet of regeneration
Stlth  +.........               v - ring of Gocvaysh {MR+ Int+3 Stlth-}
                                U - +3 ring of dexterity

@: somewhat resistant to hostile enchantments, very unstealthy
A: no striking features
a: Minor Destruction, Lesser Servant of Makhleb, Major Destruction, Greater
Servant of Makhleb, Renounce Religion


You were on level 5 of the Snake Pit.
You worshipped Makhleb.
Makhleb was exalted by your worship.
You were not hungry.

You visited 5 branches of the dungeon, and saw 30 of its levels.
You also visited: Bailey and Ice Cave.

You collected 2803 gold pieces.
You spent 2205 gold pieces at shops.

Inventory:

Hand weapons
 R - a +3 battleaxe (weapon)
Missiles
 c - 3 throwing nets (quivered)
 e - 8 javelins
Armour
 a - a +1 cloak (worn)
 h - the +1 helmet of Freokkuon (worn) {Str-3 Int-3 Dex+6 Stlth+}
   (You bought it in a shop on level 4 of the Orcish Mines)

   It affects your strength (-3).
   It affects your intelligence (-3).
   It affects your dexterity (+6).
   It makes you more stealthy.
 j - a +0 pair of boots (worn)
 N - the +6 swamp dragon armour "Smapanuj" (worn) {rPois rF++ rC+ MR- rCorr}
   (You bought it in a shop on level 8 of the Dungeon)

   It greatly protects you from fire.
   It protects you from cold.
   It protects you from poison.
   It affects your resistance to hostile enchantments.
   It protects you from acid and corrosion.
 Z - a +0 pair of gloves of dexterity (worn)
Jewellery
 g - an uncursed ring of ice
 n - the ring of Vamougiyts {+Blink +Inv rN+ Int-2 SInv}
   (You found it on level 11 of the Dungeon)

   [ring of see invisible]

   It affects your intelligence (-2).
   It protects you from negative energy.
   It enhances your eyesight.
   It lets you turn invisible.
   It lets you blink.
 o - an uncursed amulet of warding
 v - the ring of Gocvaysh (right hand) {MR+ Int+3 Stlth-}
   (You found it on level 4 of the Dungeon)

   [ring of loudness]

   It affects your intelligence (+3).
   It affects your resistance to hostile enchantments.
   It makes you less stealthy.
 H - an uncursed ring of sustain abilities
 J - an amulet of regeneration (around neck)
 O - an uncursed ring of wizardry
 Q - an uncursed ring of flight
 U - a +3 ring of dexterity (left hand)
 V - an uncursed amulet of clarity
 Y - an uncursed ring of protection from fire
Magical devices
 p - a wand of cold (6)
 q - a wand of disintegration (5)
 r - a wand of digging (5)
 y - a wand of draining (2)
 z - a wand of confusion (1)
 E - a wand of draining (2)
 L - a wand of disintegration (7)
 T - a wand of fire (3)
Scrolls
 b - 5 scrolls of identify
 d - 4 scrolls of enchant armour
 i - 4 scrolls of enchant weapon
 l - 17 scrolls of remove curse
 s - 6 scrolls of magic mapping
 w - 7 scrolls of teleportation
 A - 3 scrolls of blinking
 B - a scroll of silence
 C - a scroll of recharging
 D - 2 scrolls of fog
 F - 5 scrolls of immolation
 I - 4 scrolls of fear
Potions
 k - 3 potions of lignification
 t - 7 potions of haste
 u - a potion of magic
 x - a potion of cure mutation
 G - 5 potions of heal wounds
 K - 8 potions of curing
 M - 4 potions of agility
 S - 2 potions of restore abilities
 W - 3 potions of brilliance
 X - a potion of might
Comestibles
 f - 6 meat rations
 m - a poisonous chunk of flesh
 P - 7 bread rations


   Skills:
 + Level 14.8 Fighting
 * Level 21.9(22.0) Axes
   Level 2.8(13.2) Maces & Flails
 - Level 2.0 Throwing
 - Level 8.8 Armour
 + Level 10.6 Dodging
 - Level 2.1 Unarmed Combat
 + Level 3.6 Spellcasting
 - Level 3.0 Hexes
 + Level 4.4 Necromancy
 - Level 10.7 Invocations
 + Level 6.2 Evocations


You had 17 spell levels left.
You knew the following spells:

 Your Spells              Type           Power        Failure   Level  Hunger
a - Corona                Hex            #......      21%         1    ##.....
b - Slow                  Hex            #.......     30%         2    ###....
c - Animate Skeleton      Necr           N/A          12%         1    ##.....
d - Apportation           Tloc           #.........   69%         1    ##.....


Dungeon Overview and Level Annotations

Branches:
Dungeon (12/15)            Temple (1/1) D:5            Lair (8/8) D:11
 Shoals (0/5) Lair:4        Snake (5/5) Lair:5        Slime (0/6) Lair:7
    Orc (4/4) D:12            Elf (0/3) Orc:4

Altars:
Ashenzari
Cheibriados
Dithmenos
Elyvilon
Fedhas
Gozag
Kikubaaqudgha
Makhleb
Nemelex Xobeh
Okawaru
Qazlal
Ru
Sif Muna
Trog
Vehumet
Xom
Zin
The Shining One
Jiyva

Shops:
D:4 *   D:8 [   D:11 :   Orc:4 [}!!   Snake:5 *

Portals:
Pandemonium: Orc:4
Trove: D:10 (give wand of hasting (9))

Annotations:
D:8 2 exclusions
Lair:5 Rupert
Lair:6 1 exclusion


Message History

The shock serpent completely resists.
You hit the shock serpent.
The shock serpent is almost dead.
The shock serpent shoots out a bolt of lightning at you!
The bolt of electricity hits you! x2
* * * LOW HITPOINT WARNING * * *
The bolt of electricity hits the shock serpent.
The shock serpent completely resists.
You closely miss the shock serpent.
The shock serpent is almost dead.
The shock serpent bites you!
* * * LOW HITPOINT WARNING * * *
The shock serpent shocks you!
* * * LOW HITPOINT WARNING * * *
Unknown command.
You closely miss the shock serpent.
The shock serpent is almost dead.
The shock serpent shoots out a bolt of lightning at you!
The bolt of electricity hits you!
You die...

....# #.... ....# +....
....####...##
............###
..............### ..
................#####...
....#................[..
..###....................
..##........###.@......#
..#.......### #.S......#
..#......## ##.......#
.........# +.......#
.........# #......##
.......<.# #......#
.........# #......
.........# ......
.........# #....


You could see a shock serpent.

Vanquished Creatures
  Nikola (Snake:1)
  A shadow dragon (D:11)
  2 greater nagas (Snake:5)
  A fire dragon (Lair:8)
  Josephine (D:11)
  3 naga warriors
  5 hydras
  Erica (Lair:2)
  16 death yaks
  A catoblepas (Lair:8)
  5 anacondas
  7 naga sharpshooters
  5 shock serpents
  Urug (D:11)
  8 orc high priests (Orc:4)
  Nergalle (D:11)
  4 naga ritualists
  A gelid demonspawn (Orc:4)
  An ice devil (Orc:4)
  Erolcha (D:12)
  An unseen horror (D:11)
  3 ice statues (IceCv)
  A cyclops (D:11)
  3 mana vipers
  A putrid demonspawn (Orc:4)
  5 orc knights
  2 griffons
  3 orc sorcerers (Orc:4)
  2 lindwurms
  2 ugly things (D:11)
  A necromancer (IceCv)
  The ghost of RobertPalmer the Basher, an experienced OpWn (D:5)
  A sixfirhy (Orc:4)
  2 manticores (Lair:8)
  2 salamanders (Snake:4)
  27 black mambas
  Maurice (D:11)
  8 spiny frogs
  2 guardian serpents (Snake:4)
  5 torpor snails (Lair:8)
  A smoke demon (Orc:4)
  19 elephants
  7 naga magi
  An orange demon (Orc:4)
  A centaur skeleton (D:11)
  9 komodo dragons
  2 hellwings (Orc:4)
  3 fire drakes (Lair:8)
  2 trolls
  A red devil (Orc:4)
  2 polar bears
  2 giant leeches (Lair:8)
  A two-headed ogre (D:9)
  Grinder (D:4)
  6 blue devils
  A snapping turtle (Lair:4)
  4 blink frogs (Lair:4)
  3 slime creatures (D:11)
  4 basilisks
  3 wyverns
  4 wraiths (D:11)
  2 steam dragons
  A ynoxinul (Lair:8)
  22 yaks
  2 hungry ghosts
  7 hippogriffs
  2 deep elf magi
  A neqoxec (Orc:4)
  A wandering mushroom (D:8)
  A putrid demonspawn zombie (Orc:4)
  Menkaure (D:4)
  13 wolves (Lair:4)
  A warg (Orc:1)
  23 water moccasins
  25 nagas
  10 porcupines
  25 ice beasts
  4 phantoms
  27 orc warriors
  5 ogres
  A necrophage (D:9)
  A boring beetle (Lair:5)
  4 sky beasts
  14 centaurs
  4 wasps
  9 crocodiles
  6 brain worms
  4 big kobolds
  16 giant frogs
  8 scorpions
  5 killer bees (D:11)
  3 goliath beetles
  10 crimson imps
  An electric eel (Lair:4)
  A wasp zombie (D:10)
  4 giant frog zombies
  6 hounds
  2 centaur zombies
  21 orc priests
  4 jellies
  A quasit (D:11)
  A spectral orc (D:11)
  9 iguanas
  20 orc wizards
  6 worker ants
  22 sheep
  Ijyb (D:3)
  2 hound skeletons
  A hound zombie (D:11)
  21 adders
  29 river rats
  18 worms
  2 giant mites
  4 shadow imps
  An adder zombie (D:7)
  An orc zombie (Orc:4)
  3 adder skeletons
  113 orcs
  3 ball pythons
  6 giant cockroaches
  20 hobgoblins
  22 jackals
  49 kobolds
  14 bats
  6 giant geckos
  5 giant newts
  26 goblins
  A jackal skeleton (D:4)
  8 quokkas
  A quokka zombie (D:5)
  8 rats
  7 fungi
  11 plants
955 creatures vanquished.

Vanquished Creatures (collateral kills)
  Fannar (Lair:2)
  The ghost of BLOAX the Unseen, a powerful VSAs of Cheibriados (Lair:8)
  5 hydras
  2 death yaks (Lair:5)
  A black mamba (Lair:8)
  2 spiny frogs (Lair:5)
  A porcupine (Lair:5)
  A centaur (D:11)
  A big kobold (D:11)
  An orc priest (Orc:4)
  A sheep (Lair:8)
  An adder (Lair:7)
  A worm (Lair:8)
  2 orcs
21 creatures vanquished.

Vanquished Creatures (others)
  A smoke demon (Orc:4)
  A naga mage (Snake:1)
  An orange demon (Lair:8)
  2 hellwings
  3 ynoxinuls
  2 neqoxecs (Lair:8)
  A water moccasin (Snake:1)
  10 ufetubi
  A goblin (D:2)
  A bat (D:2)
  A giant newt (D:2)
  A kobold (D:2)
  A wandering mushroom (D:8)
  6 fungi
32 creatures vanquished.

Grand Total: 1008 creatures vanquished

Notes
Turn   | Place    | Note
--------------------------------------------------------------
     0 | D:1      | timbw, the Hill Orc Arcane Marksman, began the quest for the Orb.
     0 | D:1      | Reached XP level 1. HP: 16/16 MP: 2/2
   586 | D:1      | Reached skill level 1 in Unarmed Combat
   586 | D:1      | Reached XP level 2. HP: 18/24 MP: 1/3
  1458 | D:1      | Reached XP level 3. HP: 20/29 MP: 1/4
  1659 | D:2      | Learned a level 2 spell: Slow
  1721 | D:2      | Reached skill level 1 in Maces & Flails
  2488 | D:2      | Found a sparkling altar of Nemelex Xobeh.
  2551 | D:2      | Found a radiant altar of Vehumet.
  3290 | D:4      | Got a fine pewter ring
  3291 | D:4      | Identified the ring of Gocvaysh {MR+ Int+3 Stlth-} (You found it on level 4 of the Dungeon)
  3348 | D:4      | Reached XP level 4. HP: 36/36 MP: 3/5
  3701 | D:4      | Found Zin's Purification Station.
  3704 | D:4      | Found a glowing silver altar of Zin.
  3714 | D:4      | Noticed a phantom
  3735 | D:5      | Entered Level 5 of the Dungeon
  3759 | D:6      | Noticed an ogre
  3978 | D:5      | Noticed a centaur
  4056 | D:4      | Noticed Grinder
  4061 | D:4      | Noticed a phantom
  4076 | D:5      | Killed a centaur
  4076 | D:5      | Reached skill level 4 in Axes
  4076 | D:5      | Reached XP level 5. HP: 22/41 MP: 7/7
  4370 | D:5      | Reached skill level 5 in Axes
  4370 | D:5      | Reached XP level 6. HP: 45/48 MP: 8/8
  4528 | D:5      | Noticed a sky beast
  4589 | D:5      | Killed a sky beast
  4671 | D:5      | Reached skill level 6 in Axes
  4686 | D:5      | Noticed a phantom
  4724 | D:5      | Killed a phantom
  4743 | D:5      | Reached XP level 7. HP: 46/57 MP: 9/9
  4773 | D:5      | Reached skill level 7 in Axes
  5078 | D:5      | Noticed a giant frog
  5086 | D:5      | Killed a giant frog
  5094 | D:5      | Noticed RobertPalmer's ghost (experienced OpWn)
  5320 | D:4      | Reached skill level 8 in Axes
  5516 | D:3      | Found a bloodstained altar of Trog.
  5575 | D:3      | Found an iron altar of Okawaru.
  5917 | D:3      | Found a deep blue altar of Sif Muna.
  6046 | D:3      | Noticed Ijyb
  6074 | D:3      | Killed Ijyb
  6074 | D:3      | Reached XP level 8. HP: 67/67 MP: 10/10
  6266 | D:4      | Killed a phantom
  6266 | D:4      | Reached skill level 5 in Fighting
  6266 | D:4      | Reached skill level 9 in Axes
  6384 | D:4      | Noticed Menkaure
  6409 | D:4      | Killed Menkaure
  6682 | D:5      | Killed an ogre
  6744 | D:5      | Found a staircase to the Ecumenical Temple.
  6755 | Temple   | Entered the Ecumenical Temple
  6872 | Temple   | Became a worshipper of Makhleb the Destroyer
  7067 | D:5      | Reached skill level 10 in Axes
  7386 | D:6      | Noticed a giant frog
  7401 | D:6      | Killed a giant frog
  7463 | D:6      | Noticed a giant frog
  7474 | D:6      | Killed a giant frog
  7735 | D:6      | Reached skill level 1 in Armour
  7751 | D:6      | Noticed an ice beast
  7784 | D:6      | Killed an ice beast
  7812 | D:6      | Acquired Makhleb's first power
  7814 | D:6      | Found a sacrificial altar of Ru.
  7959 | D:7      | Found a glowing silver altar of Zin.
  7997 | D:7      | Reached XP level 9. HP: 71/78 MP: 11/11
  8034 | D:7      | Reached skill level 11 in Axes
  8901 | D:7      | Acquired Makhleb's second power
  9081 | D:8      | Reached skill level 1 in Invocations
  9151 | D:9      | Reached skill level 12 in Axes
  9257 | D:8      | Found Chuconai's Armour Shoppe.
  9302 | D:8      | Found a white marble altar of Elyvilon.
  9551 | D:8      | Noticed a wandering mushroom
  9584 | D:8      | Killed a wandering mushroom
  9631 | D:8      | Noticed a wandering mushroom
  9694 | D:8      | Killed a wandering mushroom
  9694 | D:8      | Reached XP level 10. HP: 75/86 MP: 14/16
  9914 | D:9      | Found a shimmering altar of Xom.
 10075 | D:9      | Acquired Makhleb's third power
 10267 | D:9      | Found a glowing golden altar of the Shining One.
 10558 | D:9      | Reached skill level 5 in Invocations
 10636 | D:9      | Reached skill level 13 in Axes
 10722 | D:10     | Entered Level 10 of the Dungeon
 10727 | D:10     | Reached skill level 1 in Evocations
 10780 | D:10     | Found a portal to a secret trove of treasure.
 11475 | D:10     | Acquired Makhleb's fourth power
 11946 | D:5      | Killed RobertPalmer's ghost
 11970 | D:4      | Killed a phantom
 11987 | D:4      | Paralysed by Grinder for 7 turns
 12000 | D:4      | Killed Grinder
 12211 | D:11     | Reached XP level 11. HP: 95/95 MP: 20/22
 12303 | D:11     | Noticed a cyclops
 12306 | D:11     | Noticed a shadow dragon
 12321 | D:11     | Noticed a white ugly thing
 12327 | D:11     | Noticed a brown ugly thing
 12347 | D:11     | Noticed an elephant
 12348 | D:11     | Found a staircase to the Lair.
 12379 | D:11     | Killed an elephant
 12426 | D:11     | Noticed Nergalle
 12437 | D:11     | Killed Nergalle
 12437 | D:11     | Reached skill level 14 in Axes
 12463 | D:11     | Noticed Urug
 12465 | D:11     | Noticed Maurice
 12487 | D:11     | Killed Maurice
 12491 | D:11     | Killed Urug
 12491 | D:11     | Reached skill level 5 in Dodging
 12814 | D:11     | Noticed a five-headed hydra
 12848 | Lair:1   | Entered Level 1 of the Lair of Beasts
 13131 | Lair:1   | Acquired Makhleb's fifth power
 13505 | Lair:2   | Reached skill level 15 in Axes
 13565 | Lair:2   | Noticed Erica
 13671 | Lair:2   | Killed Erica
 13671 | Lair:2   | Reached skill level 10 in Fighting
 13671 | Lair:2   | Reached skill level 10 in Invocations
 13671 | Lair:2   | Reached XP level 12. HP: 106/106 MP: 24/25
 13759 | Lair:2   | Noticed Fannar
 13794 | Lair:2   | Killed Fannar
 14420 | Lair:3   | Noticed a seven-headed hydra
 14431 | Lair:3   | Killed a seven-headed hydra
 14767 | Lair:4   | Reached skill level 16 in Axes
 14873 | Lair:4   | Reached skill level 5 in Armour
 15051 | Lair:4   | Found a staircase to the Shoals.
 15230 | Lair:5   | Found a frozen archway.
 15273 | IceCv    | Entered an ice cave
 15359 | IceCv    | Reached XP level 13. HP: 116/116 MP: 27/27
 15631 | IceCv    | Reached skill level 17 in Axes
 15681 | IceCv    | Got a translucent chain mail
 15692 | IceCv    | Identified the +4 chain mail "Ucumuutt" {Str+6} (You found it in an ice cave)
 15786 | Lair:5   | Noticed a six-headed hydra
 15793 | Lair:5   | Killed a six-headed hydra
 15829 | Lair:5   | Noticed a death yak
 15829 | Lair:5   | Noticed a death yak
 15829 | Lair:5   | Noticed a death yak
 15835 | Lair:5   | Killed a death yak
 15843 | Lair:5   | Killed a death yak
 15849 | Lair:5   | Killed a death yak
 16030 | Lair:5   | Noticed Rupert
 16286 | Lair:6   | Reached skill level 18 in Axes
 16645 | Lair:7   | Got a smoking arbalest
 16647 | Lair:7   | Identified the +7 arbalest of Pheaqung {velocity, +Inv Str-3 Dex+6} (You found it on level 7 of the Lair of Beasts)
 16985 | Lair:7   | Identified a +2 rod of destruction (12/12) (You found it on level 7 of the Lair of Beasts)
 17068 | Lair:7   | Found a viscous altar of Jiyva.
 17069 | Lair:7   | Found a staircase to the Slime Pits.
 17088 | Lair:7   | Reached XP level 14. HP: 45/126 MP: 28/28
 17191 | Lair:8   | Entered Level 8 of the Lair of Beasts
 17545 | Lair:8   | Learned a level 1 spell: Animate Skeleton
 17547 | Lair:8   | Learned a level 1 spell: Apportation
 17702 | Lair:8   | Noticed BLOAX's ghost (powerful VSAs)
 17739 | Lair:8   | Killed BLOAX's ghost
 17858 | Lair:8   | Reached skill level 19 in Axes
 17974 | Lair:8   | Found an iron altar of Okawaru.
 18063 | Lair:8   | Found a runed door.
 18263 | Lair:8   | Paralysed by a wasp for 1 turns
 18620 | Lair:8   | Reached skill level 20 in Axes
 18882 | Lair:5   | Found a staircase to the Snake Pit.
 18907 | Lair:5   | Reached XP level 15. HP: 134/136 MP: 29/29
 19058 | D:11     | Killed a five-headed hydra
 19109 | D:11     | Killed a white ugly thing
 19115 | D:11     | Killed a brown ugly thing
 19118 | D:11     | Killed a cyclops
 19143 | D:11     | Killed a shadow dragon
 19170 | D:11     | Got a smoking silver ring
 19173 | D:11     | Identified the ring of Vamougiyts {+Blink +Inv rN+ Int-2 SInv} (You found it on level 11 of the Dungeon)
 19292 | D:11     | Found Kimm's Book Shoppe.
 19362 | D:11     | Noticed Josephine
 19373 | D:11     | Killed Josephine
 19430 | D:11     | Noticed an unseen horror
 19439 | D:11     | Killed an unseen horror
 19604 | D:12     | Found a staircase to the Orcish Mines.
 19606 | D:12     | Noticed Erolcha
 19664 | D:12     | Killed Erolcha
 19703 | Orc:1    | Entered Level 1 of the Orcish Mines
 19854 | Orc:2    | Found a flagged portal.
 19916 | Bailey   | Entered a bailey
 19976 | Bailey   | Found an iron altar of Okawaru.
 20418 | Orc:4    | Entered Level 4 of the Orcish Mines
 20440 | Orc:4    | Found a staircase to the Elven Halls.
 20627 | Orc:4    | Found Mouc's Distillery.
 20664 | Orc:4    | Found Vamakium's Distillery.
 21016 | Orc:4    | Reached skill level 10 in Dodging
 21057 | Orc:4    | Reached skill level 21 in Axes
 21282 | Orc:4    | Found Kisod's Antique Armour Boutique.
 21282 | Orc:4    | Found a one-way gate leading to the halls of Pandemonium.
 21282 | Orc:4    | Found Troufynu's Gadget Shop.
 21287 | Orc:4    | Bought a steaming helmet for 313 gold pieces
 21297 | Orc:4    | Identified the +1 helmet of Freokkuon {Str-3 Int-3 Dex+6 Stlth+} (You bought it in a shop on level 4 of the Orcish Mines)
 21330 | Orc:4    | Bought a potion of heal wounds for 80 gold pieces
 21332 | Orc:4    | Bought a potion of haste for 160 gold pieces
 21332 | Orc:4    | Bought 2 potions of haste for 320 gold pieces
 21332 | Orc:4    | Bought a potion of heal wounds for 80 gold pieces
 21332 | Orc:4    | Bought a potion of berserk rage for 80 gold pieces
 21554 | D:8      | Bought the +6 swamp dragon armour "Smapanuj" {rPois rF++ rC+ MR- rCorr} for 1090 gold pieces
 21868 | Snake:1  | Entered Level 1 of the Snake Pit
 22008 | Snake:1  | Noticed Nikola
 22032 | Snake:1  | Killed Nikola
 22036 | Snake:1  | Reached skill level 1 in Necromancy
 22392 | Snake:3  | Reached skill level 5 in Evocations
 22392 | Snake:3  | Reached XP level 16. HP: 132/147 MP: 29/29
 23413 | Snake:5  | Entered Level 5 of the Snake Pit
 24144 | Snake:5  | Found Ghiloum's General Store.
 24149 | Snake:5  | Bought a scroll of enchant weapon for 82 gold pieces
 24255 | Snake:5  | Killed from afar by a shock serpent

Action                   |  1- 3 |  4- 6 |  7- 9 | 10-12 | 13-15 | 16-18 || total
-------------------------+-------+-------+-------+-------+-------+-------++-------
Melee: Unarmed           |   173 |       |       |       |       |       ||   173
       Whip              |    78 |    32 |       |       |       |       ||   110
       Hand axe          |       |   135 |  1050 |   976 |    25 |       ||  2186
       Battleaxe         |       |       |       |       |  1350 |   446 ||  1796
 Fire: Blowgun           |       |     3 |    52 |     6 |       |       ||    61
Throw: Javelin           |     9 |    12 |     1 |     2 |       |       ||    24
       Throwing net      |       |     1 |     1 |     2 |     2 |       ||     6
 Cast: Corona            |    37 |       |       |       |       |       ||    37
Invok: Lesser Servant of |       |       |       |     7 |    17 |       ||    24
       Minor Destruction |       |       |       |    14 |    47 |       ||    61
Evoke: Wand              |       |       |       |     2 |     6 |       ||     8
  Use: Scroll            |     3 |     6 |    10 |    14 |    10 |     1 ||    44
       Potion            |       |       |       |       |     6 |     1 ||     7
 Stab: Held in net/web   |       |       |     4 |     3 |       |       ||     7
       Distracted        |       |       |       |     2 |     6 |       ||     8
  Eat: Chunk             |     4 |     4 |    17 |    23 |    15 |     6 ||    69
       Meat ration       |     1 |       |       |     1 |     2 |     1 ||     5
       Beef jerky        |       |       |     1 |     1 |     3 |     2 ||     7
       Bread ration      |       |       |     1 |       |       |       ||     1
       Pizza             |       |       |       |       |     1 |       ||     1
